| TOP OF THE 1ST |
|
Oakland Athletics batting - Pitching for Boston Red Sox : RHP Reece Nichols
|
|
Pitching: RHP Reece Nichols
|
|
|
Batting: RHB Muneo Kawachi
|
0-0: Ball 1-0: Ball 2-0: Foul Ball, location: 2F 2-1: Ball 3-1: Base on Balls
|
|
Batting: RHB C.J. Beavers
|
0-0: Ball 1-0: Swinging Strike 1-1: Ball 2-1: Foul Ball, location: 2F 2-2: Strikes out swinging
|
|
Batting: LHB Sakae Kasahara
|
0-0: Ball 1-0: Foul Ball, location: 2F 1-1: Ball 2-1: Foul Ball, location: 2F 2-2: Strikes out swinging
|
|
Batting: RHB Randy Shrewsbury
|
0-0: Called Strike 0-1: Called Strike 0-2: Ball 1-2: Ground out 4-3 (Groundball, 4MS, EV 89.4 MPH)
|
| Top of the 1st over - 0 runs, 0 hits, 0 errors, 1 left on base; Oakland 0 - Boston 0 |
| BOTTOM OF THE 1ST |
|
Boston Red Sox batting - Pitching for Oakland Athletics : RHP Nick Kirk
|
|
Pitching: RHP Nick Kirk
|
|
|
Batting: RHB Alois Wollf
|
0-0: Ball 1-0: Ball 2-0: Ball 3-0: Called Strike 3-1: Base on Balls
|
|
Batting: RHB Cesar Breceda
|
0-0: Ball 1-0: Called Strike 1-1: Foul Ball, location: 2F 1-2: Ball 2-2: Ball 3-2: Fly out, F8 (Flyball, 78M, EV 80.0 MPH)
|
|
Batting: LHB Kevin McCormic Jr.
|
0-0: Ball 1-0: Swinging Strike 1-1: Called Strike 1-2: Foul Ball, location: 2F 1-2: 2-RUN HOME RUN (Flyball, 8LXD, EV 116.2 MPH), Distance : 468 ft
|
|
Batting: RHB David Price Jr.
|
0-0: Swinging Strike 0-1: Ball 1-1: Foul Ball, location: 2F 1-2: Foul Ball, location: 2F 1-2: Ball 2-2: Ball 3-2: SINGLE (Line Drive, 6M, EV 96.9 MPH)
|
|
Batting: LHB Jarrett Mordecai
|
0-0: Ball 1-0: Swinging Strike 1-1: Foul Ball, location: 2F 1-2: Ball 2-2: Ball 3-2: Strikes out swinging
|
|
Batting: SHB Greg Shaw
|
0-0: Ball 1-0: Foul Ball, location: 2F 1-1: Called Strike 1-2: Strikes out looking
|
| Bottom of the 1st over - 2 runs, 2 hits, 0 errors, 1 left on base; Oakland 0 - Boston 2 |
| TOP OF THE 2ND |
|
Oakland Athletics batting - Pitching for Boston Red Sox : RHP Reece Nichols
|
|
Batting: SHB Quincy Bradford
|
0-0: Ground out 5-3 (Groundball, 56, EV 110.6 MPH)
|
|
Batting: LHB R.J. O'Brien
|
0-0: Ball 1-0: Ball 2-0: Foul Ball, location: 2F 2-1: Called Strike 2-2: Ground out U3 (Groundball, 3L, EV 76.2 MPH)
|
|
Batting: LHB Tom Butterbaugh
|
0-0: Fly out, F9 (Flyball, 89M, EV 91.2 MPH)
|
| Top of the 2nd over - 0 runs, 0 hits, 0 errors, 0 left on base; Oakland 0 - Boston 2 |
| BOTTOM OF THE 2ND |
|
Boston Red Sox batting - Pitching for Oakland Athletics : RHP Nick Kirk
|
|
Batting: LHB Zack Guillen
|
0-0: Ball 1-0: Ground out 3-1 (Groundball, 34, EV 98.8 MPH)
|
|
Batting: RHB Nick Esteves
|
0-0: Ball 1-0: Ball 2-0: Called Strike 2-1: Foul Ball, location: 2F 2-2: Fly out, F9 (Flyball, 89M, EV 86.9 MPH)
|
|
Batting: LHB Tim Fuller
|
0-0: Ball 1-0: Foul Ball, location: 2F 1-1: Swinging Strike 1-2: Strikes out swinging
|
| Bottom of the 2nd over - 0 runs, 0 hits, 0 errors, 0 left on base; Oakland 0 - Boston 2 |
| TOP OF THE 3RD |
|
Oakland Athletics batting - Pitching for Boston Red Sox : RHP Reece Nichols
|
|
Batting: RHB Tommy Baird
|
0-0: Ball 1-0: Foul Ball, location: 2F 1-1: Swinging Strike 1-2: Ball 2-2: Ball 3-2: Base on Balls
|
|
Batting: LHB Al Hernandez
|
0-0: Grounds into double play, 4-6-3 (Groundball, 34S, EV 88.1 MPH)
|
|
Batting: RHB Muneo Kawachi
|
0-0: Ball 1-0: Swinging Strike 1-1: Foul Ball, location: 2F 1-2: Ball 2-2: Ball 3-2: Strikes out swinging
|
| Top of the 3rd over - 0 runs, 0 hits, 0 errors, 0 left on base; Oakland 0 - Boston 2 |
| BOTTOM OF THE 3RD |
|
Boston Red Sox batting - Pitching for Oakland Athletics : RHP Nick Kirk
|
|
Batting: RHB Alois Wollf
|
0-0: Ball 1-0: Foul Ball, location: 2F 1-1: Foul Ball, location: 2F 1-2: Ball 2-2: Foul Ball, location: 2F 2-2: Ground out 6-3 (Groundball, 6, EV 101.9 MPH)
|
|
Batting: RHB Cesar Breceda
|
0-0: Called Strike 0-1: Ball 1-1: Swinging Strike 1-2: Ball 2-2: SOLO HOME RUN (Flyball, 7D, EV 107.5 MPH), Distance : 398 ft
|
|
Batting: LHB Kevin McCormic Jr.
|
0-0: Foul Ball, location: 2F 0-1: Ball 1-1: SOLO HOME RUN (Flyball, 7LD, EV 97.5 MPH), Distance : 358 ft
|
|
Batting: RHB David Price Jr.
|
0-0: DOUBLE (Line Drive, 89D, EV 109.4 MPH)
|
|
Batting: LHB Jarrett Mordecai
|
0-0: Called Strike 0-1: Ball 1-1: 2-RUN HOME RUN (Flyball, 9D, EV 99.4 MPH), Distance : 404 ft
|
|
Pitching: RHP Andrew Douglas
|
|
|
Batting: SHB Greg Shaw
|
0-0: Ball 1-0: Ball 2-0: Foul Ball, location: 2F 2-1: Ground out 4-3 (Groundball, 4, EV 87.5 MPH)
|
|
Batting: LHB Zack Guillen
|
0-0: Ball 1-0: Ball 2-0: Called Strike 2-1: Ball 3-1: DOUBLE (Line Drive, 89D, EV 103.8 MPH)
|
|
Batting: RHB Nick Esteves
|
0-0: Ball 1-0: Ball 2-0: Ball 3-0: Base on Balls
|
|
Batting: LHB Tim Fuller
|
0-0: Ground out 5-3 (Groundball, 56S, EV 81.9 MPH)
|
| Bottom of the 3rd over - 4 runs, 5 hits, 0 errors, 2 left on base; Oakland 0 - Boston 6 |
| TOP OF THE 4TH |
|
Oakland Athletics batting - Pitching for Boston Red Sox : RHP Reece Nichols
|
|
Batting: RHB C.J. Beavers
|
0-0: SINGLE (Groundball, 56D, EV 101.9 MPH)
|
|
Batting: LHB Sakae Kasahara
|
0-0: Swinging Strike 0-1: Called Strike 0-2: Strikes out looking
|
|
Batting: RHB Randy Shrewsbury
|
0-0: Grounds into double play, 1-6-3 (Groundball, 34S, EV 63.1 MPH)
|
| Top of the 4th over - 0 runs, 1 hit, 0 errors, 0 left on base; Oakland 0 - Boston 6 |
| BOTTOM OF THE 4TH |
|
Boston Red Sox batting - Pitching for Oakland Athletics : RHP Andrew Douglas
|
|
Batting: RHB Alois Wollf
|
0-0: Ball 1-0: Foul Ball, location: 2F 1-1: Called Strike 1-2: SINGLE (Flyball, 7LS, EV 95.0 MPH)
|
|
Batting: RHB Cesar Breceda
|
0-0: Ball 1-0: Called Strike 1-1: Grounds into double play, 4-6-3 (Groundball, 4, EV 84.4 MPH)
|
|
Batting: LHB Kevin McCormic Jr.
|
0-0: Ball 1-0: Foul Ball, location: 2F 1-1: Ball 2-1: Ball 3-1: Base on Balls
|
|
Batting: RHB David Price Jr.
|
0-0: Ball 1-0: TRIPLE (Groundball, 5L, EV 93.8 MPH) Kevin McCormic Jr. scores
|
|
Batting: LHB Jarrett Mordecai
|
0-0: Swinging Strike 0-1: Ball 1-1: Foul Ball, location: 2F 1-2: Ball 2-2: SINGLE (Groundball, 4MD, EV 98.8 MPH) (infield hit) David Price Jr. scores
|
|
Batting: SHB Greg Shaw
|
0-0: Ball 1-0: Ground out 4-3 (Groundball, 4, EV 100.6 MPH)
|
| Bottom of the 4th over - 2 runs, 3 hits, 0 errors, 1 left on base; Oakland 0 - Boston 8 |
| TOP OF THE 5TH |
|
Oakland Athletics batting - Pitching for Boston Red Sox : RHP Reece Nichols
|
|
Batting: SHB Quincy Bradford
|
0-0: Ball 1-0: Ball 2-0: Ball 3-0: Called Strike 3-1: Base on Balls
|
|
Batting: LHB R.J. O'Brien
|
0-0: Ball 1-0: Called Strike 1-1: Foul Ball, location: 2F 1-2: Foul Ball, location: 2F 1-2: 2-RUN HOME RUN (Flyball, 7D, EV 99.4 MPH), Distance : 399 ft
|
|
Batting: LHB Tom Butterbaugh
|
0-0: Ball 1-0: Called Strike 1-1: Called Strike 1-2: Ball 2-2: Ground out 4-3 (Groundball, 4S, EV 88.8 MPH)
|
|
Batting: RHB Tommy Baird
|
0-0: Ball 1-0: Ball 2-0: Foul Ball, location: 2F 2-1: Swinging Strike 2-2: Foul Ball, location: 2F 2-2: Ball 3-2: Ground out 6-3 (Groundball, 56D, EV 86.9 MPH)
|
|
Batting: LHB Al Hernandez
|
0-0: Swinging Strike 0-1: Fly out, F7 (Flyball, 7D, EV 90.0 MPH)
|
| Top of the 5th over - 2 runs, 1 hit, 0 errors, 0 left on base; Oakland 2 - Boston 8 |
| BOTTOM OF THE 5TH |
|
Boston Red Sox batting - Pitching for Oakland Athletics : RHP Andrew Douglas
|
|
Batting: LHB Zack Guillen
|
0-0: Ball 1-0: Ball 2-0: Ball 3-0: Base on Balls
|
|
Batting: RHB Nick Esteves
|
0-0: Ball 1-0: Ball 2-0: Called Strike 2-1: Ball 3-1: Swinging Strike 3-2: Strikes out swinging
|
|
Batting: LHB Tim Fuller
|
0-0: Called Strike 0-1: Foul Ball, location: 2F 0-2: Strikes out swinging
|
|
Batting: RHB Alois Wollf
|
0-0: Called Strike 0-1: Foul Ball, location: 2F 0-2: Ball 1-2: Ball 2-2: Foul Ball, location: 2F 2-2: Strikes out looking
|
| Bottom of the 5th over - 0 runs, 0 hits, 0 errors, 1 left on base; Oakland 2 - Boston 8 |
| TOP OF THE 6TH |
|
Oakland Athletics batting - Pitching for Boston Red Sox : RHP Reece Nichols
|
|
Batting: RHB Muneo Kawachi
|
0-0: Called Strike 0-1: Foul Ball, location: 2F 0-2: Foul Ball, location: 2F 0-2: Strikes out swinging
|
|
Batting: RHB C.J. Beavers
|
0-0: Ball 1-0: Ball 2-0: Swinging Strike 2-1: Foul Ball, location: 2F 2-2: Ball 3-2: Strikes out swinging
|
|
Batting: LHB Sakae Kasahara
|
0-0: Called Strike 0-1: Ball 1-1: Swinging Strike 1-2: Ball 2-2: Ground out 4-3 (Groundball, 4, EV 87.5 MPH)
|
| Top of the 6th over - 0 runs, 0 hits, 0 errors, 0 left on base; Oakland 2 - Boston 8 |
| BOTTOM OF THE 6TH |
|
Boston Red Sox batting - Pitching for Oakland Athletics : RHP Andrew Douglas
|
|
Pitching: RHP Elijah Everett
|
|
|
Batting: RHB Cesar Breceda
|
0-0: Ball 1-0: Ball 2-0: Ball 3-0: Base on Balls
|
|
Batting: LHB Kevin McCormic Jr.
|
0-0: Called Strike 0-1: Swinging Strike 0-2: Ball 1-2: Ball 2-2: Strikes out swinging
|
|
Batting: RHB David Price Jr.
|
0-0: Ball 1-0: Foul Ball, location: 2F 1-1: Ball 2-1: Swinging Strike 2-2: Strikes out looking
|
|
Batting: LHB Jarrett Mordecai
|
0-0: Called Strike 0-1: Swinging Strike 0-2: Strikes out looking
|
| Bottom of the 6th over - 0 runs, 0 hits, 0 errors, 1 left on base; Oakland 2 - Boston 8 |
| TOP OF THE 7TH |
|
Oakland Athletics batting - Pitching for Boston Red Sox : RHP Reece Nichols
|
|
Batting: RHB Randy Shrewsbury
|
0-0: Swinging Strike 0-1: Ball 1-1: Swinging Strike 1-2: Foul Ball, location: 2F 1-2: Strikes out swinging
|
|
Batting: SHB Quincy Bradford
|
0-0: Called Strike 0-1: Swinging Strike 0-2: Ball 1-2: Foul Ball, location: 2F 1-2: Strikes out swinging
|
|
Batting: LHB R.J. O'Brien
|
0-0: Ground out 6-3 (Groundball, 6S, EV 73.8 MPH)
|
| Top of the 7th over - 0 runs, 0 hits, 0 errors, 0 left on base; Oakland 2 - Boston 8 |
| BOTTOM OF THE 7TH |
|
Boston Red Sox batting - Pitching for Oakland Athletics : RHP Elijah Everett
|
|
Batting: SHB Greg Shaw
|
0-0: Ball 1-0: Called Strike 1-1: Swinging Strike 1-2: SOLO HOME RUN (Flyball, 89XD, EV 111.2 MPH), Distance : 449 ft
|
|
Batting: LHB Zack Guillen
|
0-0: Called Strike 0-1: Ball 1-1: Ball 2-1: Ground out 3-1 (Groundball, 34S, EV 86.9 MPH)
|
|
Batting: RHB Nick Esteves
|
0-0: Ground out 5-3 (Groundball, 5L, EV 88.1 MPH)
|
|
Batting: LHB Tim Fuller
|
0-0: Swinging Strike 0-1: Ball 1-1: Called Strike 1-2: Foul Ball, location: 2F 1-2: Ball 2-2: Ball 3-2: Ground out 6-3 (Groundball, 6MS, EV 75.6 MPH)
|
| Bottom of the 7th over - 1 run, 1 hit, 0 errors, 0 left on base; Oakland 2 - Boston 9 |
| TOP OF THE 8TH |
|
Oakland Athletics batting - Pitching for Boston Red Sox : RHP Reece Nichols
|
|
Pinch Hitting: SHB Ryan Langlois
|
0-0: Ball 1-0: Ball 2-0: Ball 3-0: Base on Balls
|
|
Pitching: RHP John Jordan
|
|
|
Batting: RHB Tommy Baird
|
0-0: Ball 1-0: Ball 2-0: Foul Ball, location: 7LSF, Error on foul ball, E7 2-1: Ball 3-1: Base on Balls Ryan Langlois to second
|
|
Batting: LHB Al Hernandez
|
0-0: Fly out, F7 (Flyball, 7S, EV 84.4 MPH)
|
|
Batting: RHB Muneo Kawachi
|
0-0: Called Strike 0-1: Fly out, F8 (Line Drive, 89M, EV 105.6 MPH)
|
|
Batting: SHB Jerry Luckwell
|
0-0: Called Strike 0-1: Swinging Strike 0-2: 3-RUN HOME RUN (Flyball, 78XD, EV 100.0 MPH), Distance : 413 ft
|
|
Batting: LHB Sakae Kasahara
|
0-0: Called Strike 0-1: Swinging Strike 0-2: Ball 1-2: Strikes out swinging, 2-3 out at first.
|
| Top of the 8th over - 3 runs, 1 hit, 1 error, 0 left on base; Oakland 5 - Boston 9 |
| BOTTOM OF THE 8TH |
|
Boston Red Sox batting - Pitching for Oakland Athletics : RHP Elijah Everett
|
|
Pitching: RHP Orlando Giron
|
|
|
Now at 3B: Quincy Bradford
|
|
|
Now at SS: Ryan Langlois
|
|
|
Batting: RHB Alois Wollf
|
0-0: Called Strike 0-1: Foul Ball, location: 2F 0-2: Foul Ball, location: 2F 0-2: Ball 1-2: Strikes out swinging
|
|
Batting: RHB Cesar Breceda
|
0-0: Ball 1-0: Foul Ball, location: 2F 1-1: Swinging Strike 1-2: Ball 2-2: Strikes out swinging
|
|
Batting: LHB Kevin McCormic Jr.
|
0-0: Called Strike 0-1: Ball 1-1: Foul Ball, location: 2F 1-2: Ball 2-2: Ball 3-2: Base on Balls
|
|
Batting: RHB David Price Jr.
|
0-0: Fly out, F8 (Flyball, 8LXD, EV 91.9 MPH)
|
| Bottom of the 8th over - 0 runs, 0 hits, 0 errors, 1 left on base; Oakland 5 - Boston 9 |
| TOP OF THE 9TH |
|
Oakland Athletics batting - Pitching for Boston Red Sox : RHP John Jordan
|
|
Now at C: Cesar Breceda
|
|
|
Now at 1B: Kevin McCormic Jr.
|
|
|
Now at 2B: Willie Koviak
|
|
|
Now at 3B: David Price Jr.
|
|
|
Now in LF: Jose Diaz
|
|
|
Now in RF: Rodolfo Contreras
|
|
|
Batting: RHB Randy Shrewsbury
|
0-0: Ball 1-0: Ball 2-0: Ball 3-0: Base on Balls
|
|
Batting: SHB Quincy Bradford
|
0-0: Ball 1-0: Called Strike 1-1: Fly out, F8 (Flyball, 89M, EV 88.1 MPH)
|
|
Batting: LHB R.J. O'Brien
|
0-0: Called Strike 0-1: Ball 1-1: Fly out, F7 (Flyball, 78S, EV 86.2 MPH)
|
|
Batting: SHB Ryan Langlois
|
0-0: Ball 1-0: Foul Ball, location: 2F 1-1: Ball 2-1: Foul Ball, location: 2F 2-2: Ground out 4-3 (Groundball, 4, EV 99.4 MPH)
|
| Top of the 9th over - 0 runs, 0 hits, 0 errors, 1 left on base; Oakland 5 - Boston 9 |
|